 Dungeon Crawl Stone Soup version 0.18-a0-1225-g5d63bca (webtiles) character file.

82 FrancescoMac the Grasshopper (level 4, -5/42 HPs)
             Began as a Troll Warper on Feb 3, 2016.
             Slain by Sigmund
             ... wielding a +0 scythe
              (8 damage)
             ... on level 2 of the Dungeon.
             The game lasted 00:12:33 (1106 turns).

FrancescoMac the Grasshopper (Troll Warper)         Turns: 1106, Time: 00:12:34

Health: -5/42      AC:  7    Str: 19    XL:     4   Next: 21%
Magic:  5/5        EV: 10    Int: 10    God:
Gold:   124        SH:  0    Dex:  9    Spells: 3 memorised, 0 levels left

rFire  x . .     SeeInvis .       - Unarmed
rCold  + . .     Gourm    +     a - +0 robe
rNeg   . . .     Faith    .     (no shield)
rPois  .         Spirit   .     (helmet restricted)
rElec  .         Dismiss  .     t - +1 cloak
rCorr  .         Reflect  .     (gloves unavailable)
SustAt .         Harm     .     (boots unavailable)
MR     .....                    o - amulet of rage
Stlth  +.........               (no ring)
                                l - ring of ice

@: not resistant to hostile enchantments, very unstealthy
A: unfitting armour, claws 3, fast metabolism 3, gourmand, regeneration 2,
shaggy fur 1, tough skin 2
a: Evoke Berserk Rage


You were on level 2 of the Dungeon.
You were very full.

You visited 1 branch of the dungeon, and saw 2 of its levels.

You collected 124 gold pieces.

Inventory:

Hand Weapons
 g - a cursed +0 mace
 s - a +4 quarterstaff of chaos
Missiles
 d - 5 tomahawks of dispersal (quivered)
Armour
 a - a +0 robe (worn)
 m - a +0 helmet
 t - a +1 cloak (worn)
Rods
 p - a +0 rod of destruction (10/10)
   (You found it on level 2 of the Dungeon)
Jewellery
 l - a ring of ice (left claw)
 o - an amulet of rage (around neck)
Scrolls
 c - a scroll of blinking
 e - 2 scrolls of teleportation
 j - a scroll of remove curse
 k - a scroll of fog
Potions
 h - a potion of cancellation
 i - a potion of ambrosia
 q - 2 potions of haste {unknown}
Books
 b - a book of Spatial Translocations

   Spells                             Type                      Level
   a - Apportation                    Translocation                1
   b - Blink                          Translocation                2
   c - Shroud of Golubria             Charms/Translocation         2
   d - Portal Projectile              Translocation                3
   e - Teleport Other                 Translocation                3
   f - Passage of Golubria            Translocation                4
Comestibles
 f - 2 bread rations
 n - a slice of pizza
 r - 7 chunks of flesh


   Skills:
 + Level 2.1 Fighting
 + Level 0.8 Throwing
 + Level 2.5 Dodging
 + Level 2.2 Unarmed Combat
 + Level 1.6 Spellcasting
 + Level 2.6 Translocations


You couldn't memorise any spells.
You knew the following spells:

 Your Spells              Type           Power        Failure   Level  Hunger
a - Apportation           Tloc           #.........   12%         1    ##.....
b - Shroud of Golubria    Chrm/Tloc      #.........   30%         2    ###....
c - Teleport Other        Tloc           #.......     34%         3    ####...


Dungeon Overview and Level Annotations

Branches:
Dungeon (2/15)

Altars:

Annotations:
D:2 Sigmund


Innate Abilities, Weirdness & Mutations

You are too large for most types of armour.
You have claws for hands.
Your metabolism is lightning-fast.
You like to eat raw meat.
You heal very quickly.
You are covered in fur (AC +1).
You have very tough skin (AC +2).


Message History

A magic dart appears from out of thin air!
The magic dart hits you!
* * * LOW HITPOINT WARNING * * *
A puff of flame appears from out of thin air!
The puff of flame hits you! The fire burns you terribly!
* * * LOW HITPOINT WARNING * * *
A magic dart appears from out of thin air!
The magic dart hits you!
* * * LOW HITPOINT WARNING * * *
Your magical contamination has completely faded away.
Something hits you.
* * * LOW HITPOINT WARNING * * *
You are too injured to fight recklessly!
You hear some strange, mumbled words.
A magic dart appears from out of thin air!
The magic dart hits you!
* * * LOW HITPOINT WARNING * * *
You barely miss something. Something hits you but does no damage.
You miss something. Something hits you!
You die...

#...##################
#....................#
####################.#
#.# #.# ##### ♣♣####
#.# #)..#♣♣ ♣♣....##
#.# #....)♣♣♣♣......#
#.# #)).#♣))♣.....@.#
#.# #####♣♣♣)♣....#.#
#.# ♣♣♣♣♣###.###.#
#.....# #.....#
#.....# #.....#
#.....# #####.#


There were no monsters in sight!

Vanquished Creatures
  Crazy Yiuf (D:2)
  Robin (D:2)
  An ooze (D:1)
  A giant gecko (D:2)
  A ball python (D:1)
  A giant cockroach (D:1)
  7 goblins
  7 hobgoblins
  A quokka (D:2)
  3 bats
  A giant newt (D:1)
  7 kobolds
  4 rats
36 creatures vanquished.

Notes
Turn   | Place    | Note
--------------------------------------------------------------
     0 | D:1      | FrancescoMac the Troll Warper began the quest for the Orb.
     0 | D:1      | Reached XP level 1. HP: 19/19 MP: 1/1
   223 | D:1      | Reached XP level 2. HP: 27/27 MP: 3/3
   637 | D:2      | Learned a level 2 spell: Shroud of Golubria
   728 | D:2      | Reached XP level 3. HP: 29/33 MP: 1/4
   759 | D:2      | Identified a +0 rod of destruction (10/10) (You found it on level 2 of the Dungeon)
   840 | D:2      | Noticed Robin
   874 | D:2      | Noticed Crazy Yiuf
   896 | D:2      | Killed Robin
   919 | D:2      | Killed Crazy Yiuf
   919 | D:2      | Reached XP level 4. HP: 27/42 MP: 5/5
  1023 | D:2      | Learned a level 3 spell: Teleport Other
  1039 | D:2      | Noticed Sigmund
  1104 | D:2      | HP: 2/42 [something/magic dart (4)]
  1106 | D:2      | Slain by Sigmund

Vault maps used:
D:1:      dpeg_arrival_simpleton_c
D:2:      uniq_iyjb, uniq_crazy_yiuf_cottage, uniq_robin, uniq_sigmund

Action                   |  1- 3 |  4- 6 || total
-------------------------+-------+-------++-------
Melee: Unarmed           |    81 |    12 ||    93
 Cast: Apportation       |     1 |       ||     1
       Shroud of Golubri |     1 |       ||     1
  Use: Scroll            |     6 |     1 ||     7
  Eat: Chunk             |    10 |     5 ||    15
